 Dungeon Crawl Stone Soup version 0.27.1-2-g3b301248ec (webtiles) character file.

Game seed: 14120541831141421292

63 Urokeeper the Shield-Bearer (level 3, 0/33 HPs)
             Began as a Minotaur Fighter on Sept 29, 2021.
             Slain by a gnoll (11 damage)
             ... on level 2 of the Dungeon.
             The game lasted 00:02:58 (1148 turns).

Urokeeper the Shield-Bearer (Minotaur Fighter)      Turns: 1148, Time: 00:02:58

Health: 0/33       AC:  7    Str: 21    XL:     3   Next: 87%
Magic:  2/2        EV:  7    Int:  5    God:
Gold:   20         SH:  9    Dex:  9    Spells: 2/2 levels left

rFire    . . .     SeeInvis .   a - +0 flail
rCold    . . .     Faith    .   c - +0 kite shield
rNeg     . . .     Spirit   .   b - +0 scale mail
rPois    .         Reflect  .   (helmet restricted)
rElec    .         Harm     .   (no cloak)
rCorr    .         Rampage  .   (no gloves)
Will     .....                  (no boots)
Stlth    ..........             (no amulet)
HPRegen  0.11/turn              (no ring)
MPRegen  0.08/turn              (no ring)

@: no status effects
A: horns 2, retaliatory headbutt
a: no special abilities


You were on level 2 of the Dungeon.
You visited 1 branch of the dungeon, and saw 2 of its levels.

You collected 20 gold pieces.

Inventory:

Hand Weapons
 a - a +0 flail (weapon)
Missiles
 g - 2 javelins (quivered)
Armour
 b - a +0 scale mail (worn)
 c - a +0 kite shield (worn)
Scrolls
 f - a scroll of immolation {unknown}
Potions
 d - a potion of might
 e - 4 potions of curing {unknown}


   Skills:
 + Level 4.0 Fighting
 + Level 3.6 Maces & Flails
 + Level 4.2 Armour
 + Level 0.3 Dodging
 + Level 4.2 Shields


You had 2 spell levels left.
You didn't know any spells.
Your spell library contained the following spells:

 Spells                   Type           Power      Damage    Failure   Level
 Animate Skeleton         Necr           0%         N/A       99%         1
 Apportation              Tloc           0%         N/A       99%         1
 Corona                   Hex            0%         N/A       99%         1
 Summon Small Mammal      Summ           0%         N/A       99%         1


Dungeon Overview and Level Annotations

Branches:
Dungeon (2/15)

Altars:


Innate Abilities, Weirdness & Mutations

You have a pair of horns on your head.
You reflexively headbutt those who attack you in melee.


Message History

The gnoll barely misses you.
You hit the gnoll.
You kill the gnoll!
Your Armour skill increases to level 4!
The gnoll hits you with a +0 flail.
Things that are here:
a +0 spear; a gnoll corpse You closely miss the gnoll.
The gnoll shouts!
You headbutt the gnoll.
The gnoll is heavily wounded.
You block the gnoll's attack.
You sock the gnoll!
You kill the gnoll!
You block the gnoll's attack.
You closely miss the gnoll. Your headbutt misses the gnoll.
A gnoll comes into view. It is wielding a +0 halberd.
The gnoll hits you with a +0 whip. You block the gnoll's attack.
You barely miss the gnoll. The gnoll hits you with a +0 whip.
You block the gnoll's attack. The gnoll hits you but does no damage.
You hit the gnoll. Your headbutt misses the gnoll.
The gnoll is moderately wounded.
The gnoll barely misses you. The gnoll hits you with a +0 whip.
The gnoll barely misses you.
You barely miss the gnoll. Your headbutt misses the gnoll.
The gnoll is moderately wounded.
The gnoll hits you with a +0 whip. You block the gnoll's attack.
Throw: 2 javelins
Press: ? - help, Q - select action Shift-Dir - straight line, f - gnoll
Aim: a gnoll, wielding a +0 whip (moderately wounded, 60% to hit)
Okay, then.
Throw: 2 javelins
Press: ? - help, Q - select action Shift-Dir - straight line, f - gnoll
Aim: a gnoll, wielding a +0 halberd (60% to hit)
Okay, then.
You hit the gnoll. You headbutt the gnoll.
The gnoll is almost dead.
The gnoll hits you with a +0 whip.
The gnoll hits you from afar with a +0 halberd!
You die...

### ### #<# #.#.#### #.###
#.#..... #.#.. (.#.#..#
#.#.# #.#.#..# #.#.#
#.#@#.. #.#(######
#.#g#.########
#.#......###.#g#.........
###.#..###.#.........g...!(
.....†.))>.............g...
###.#####.##.###...........
#..........###....#######
######.......#......
#.............#.


You could see 2 gnolls.

Vanquished Creatures
  2 gnolls (D:2)
  A worm (D:2)
  A dart slug (D:1)
  3 bats (D:1)
  3 endoplasms
  2 giant cockroaches (D:2)
  4 goblins (D:1)
  4 hobgoblins
  3 jackals (D:1)
  5 ball pythons
  2 frilled lizards
  3 kobolds
  2 rats (D:1)
35 creatures vanquished.

Notes
Turn   | Place    | Note
-------+----------+-------------------------------------------
     0 | D:1      | Urokeeper the Minotaur Fighter began the quest for the Orb.
     0 | D:1      | Reached XP level 1. HP: 19/19 MP: 0/0
   353 | D:1      | Reached XP level 2. HP: 27/27 MP: 1/1
   484 | D:1      | Found a faded altar of an unknown god.
   782 | D:1      | Reached XP level 3. HP: 33/33 MP: 2/2
  1148 | D:2      | Slain by a gnoll

Illustrated notes

Levels and vault maps discovered:
D:1:      dpeg_arrival_round_b, layout_basic, shapermc_ecumenical_altar_pompeii
D:2:      layout_basic, basic_altar, uniq_robin

Skill      XL: |  1  2  3 |
---------------+----------+-----
Shields        | 4 |  4.2
Maces & Flails | 3 |  3.6
Fighting       | 4 |  4.0
Armour         | 4 |  4.2
Dodging        | |  0.3

Action                   || total
-------------------------++-------
Melee: Flail             ||    84
       Headbutt          ||    15
Throw: Javelin           ||     2
Armor: Scale mail        ||    36
Dodge: Dodged            ||    16
Block: Kite shield       ||    41
